 Dungeon Crawl Stone Soup version 0.32-a0-791-gfc315c9ecd (webtiles) character file.

Game seed: 6909707948029362848

16891 zenocrate the Fighter (level 12, 0/84 HPs)
             Began as an Octopode Earth Elementalist on Mar 19, 2024.
             Was an Initiate of Gozag.
             Slain by a salamander
             ... wielding a +0 trident
              (7 damage)
             ... on level 2 of the Lair of Beasts on Mar 20, 2024.
             The game lasted 00:20:57 (15205 turns).

zenocrate the Fighter (OpEE)                       Turns: 15205, Time: 00:20:57

Health: 0/84       AC:  3    Str: 13    XL:     12   Next: 42%
Magic:  19/22      EV: 19    Int: 24    God:    Gozag
Gold:   510        SH:  0    Dex: 27    Spells: 3/24 levels left

rFire   + .          .
                       - Unarmed
rCold   + + +        (no shield)
rNeg    . . .        (helmet currently unavailable)
rPois   +            (no amulet)
rElec   +            o - +6 ring of intelligence
rCorr   +            r - ring of flight
SInv    .            k - ring "Jegit" {rC+ Str+6}
Will    .....        D - +6 ring of dexterity
Stlth   +++++        s - +6 ring of dexterity
HPRegen 0.34/turn    (no ring)
MPRegen 0.18/turn    (no ring)
                     (no ring)

%: no passive effects
@: mighty, beast-form, resistant, flying, studying Throwing
A: beast (slay +3), almost no armour, amphibious, 8 rings, camouflage 1,
gelatinous body 1, (nimble swimmer 1), tentacles, iridescent scales 1, cold
resistance 1, weak 1
a: Begin Untransformation, Renounce Religion, Potion Petition, Call Merchant,
Bribe Branch


You were on level 2 of the Lair of Beasts.
You worshipped Gozag.
Gozag was pleased with you.
You were a hulking beast.
You visited 3 branches of the dungeon, and saw 13 of its levels.

You collected 2058 gold pieces.
You spent 165 gold pieces at shops.
You paid 1383 gold pieces to Gozag.

Inventory:

Missiles
 t - a throwing net
Magical Staves
 C - a staff of alchemy
Jewellery
 k - the ring "Jegit" (on tentacle) {rC+ Str+6}
   (You acquired it on level 7 of the Dungeon)

   [ring of strength]

   Str+6:     It affects your strength (+6).
   rC+:       It protects you from cold.
 o - a +6 ring of intelligence (left tentacle)
 r - a ring of flight (right tentacle)
 s - a +6 ring of dexterity (on tentacle)
 D - a +6 ring of dexterity (on tentacle)
Talismans
 f - a beast talisman (active)
 n - a blade talisman
Wands
 u - a wand of flame (21)
 v - a wand of mindburst (8)
 A - a wand of polymorph (4)
 F - a wand of iceblast (9)
Scrolls
 b - a scroll of blinking {unknown}
 e - 6 scrolls of fog
 h - a scroll of fear
 j - 2 scrolls of poison
 m - 4 scrolls of teleportation
 p - a scroll of immolation {unknown}
 w - a scroll of silence
 x - a scroll of brand weapon {unknown}
 y - a scroll of vulnerability {unknown}
Potions
 a - 2 potions of curing
 c - a potion of magic
 d - 3 potions of brilliance
 g - a potion of enlightenment
 i - a potion of lignification
 l - a potion of invisibility
 q - a potion of haste
 z - a potion of might


   Skills:
 * Level 8.6 Fighting
 + Level 7.4 Dodging
 - Level 6.0 Stealth
 + Level 7.0 Unarmed Combat
 + Level 6.7 Spellcasting
 - Level 6.4 Conjurations
 + Level 2.0 Hexes
 - Level 7.5 Earth Magic
 - Level 6.0 Evocations
 + Level 5.7 Shapeshifting


You had 3 spell levels left.
You knew the following spells:

 Your Spells              Type           Power      Damage    Failure   Level
a - Stone Arrow           Conj/Erth      82%        3d12      1%          3
b - Sandblast             Erth           88%        2d18      1%          1
c - Tukima's Dance        Hex            17%        N/A       10%         3
d - Yara's Violent Unrav  Hex/Alch       6%         3d5       80%         5
w - Passage of Golubria   Tloc           8%         N/A       58%         4
x - Blink                 Tloc           16%        N/A       11%         2
z - Passwall              Erth           44%        N/A       1%          3

Your spell library contained the following spells:

 Spells                   Type           Power      Damage    Failure   Level
 Magic Dart               Conj           100%       1d8       1%          1
 Call Imp                 Summ           16%        N/A       11%         2
 Brom's Barrelling Bould  Conj/Erth      41%        2d6       4%          4
 Petrify                  Alch/Erth      26%        N/A       16%         4
 Conjure Ball Lightning   Conj/Air       11%        3x3d6     97%         6
 Discord                  Hex            8%         N/A       100%        8
 Disjunction              Tloc           4%         N/A       100%        8
 Lehudib's Crystal Spear  Conj/Erth      20%        10d6      100%        8
 Animate Armour           Summ/Erth      Unusable   N/A       N/A         4

Dungeon Overview and Level Annotations

Branches:
Dungeon (10/15)            Temple (1/1) D:6            Lair (2/5) D:10
  Swamp: Lair:2-3    Shoals: Lair:2-3     Snake: Lair:2-3    Spider: Lair:2-3
    Orc: D:9-12

Altars:
Ashenzari
Cheibriados
Dithmenos
Elyvilon
Fedhas
Gozag
Hepliaklqana
Kikubaaqudgha
Makhleb
Nemelex Xobeh
Okawaru
Qazlal
Ru
Sif Muna
Trog
Uskayaw
Vehumet
Wu Jian
Xom
Yredelemnul
Zin
The Shining One

Shops:
D:1 *

Annotations:
D:4 3 runed translucent doors, hattop's ghost, amateur DrSh
D:10 exclusion: orange crystal statue


Innate Abilities, Weirdness & Mutations

You are a hulking beast.
Your limbs bulge with bestial killing power. (Slay +3)
You cannot wear most types of armour.
You are amphibious.
You can wear up to eight rings at the same time.
Your skin changes colour to match your surroundings (Stealth+).
Your rubbery body absorbs attacks. (AC +1, EV +1)
((You are camouflaged when in or above water. (Stealth+)))
You have tentacles for arms and can constrict up to eight enemies at once.
You are partially covered in iridescent scales. (AC +2)
Your flesh is cold resistant. (rC+)
You are weak. (Str -2)


Message History

You feel agile.
s - a +6 ring of dexterity (on tentacle)
A salamander is nearby!
A salamander is nearby!
The salamander hits you with a +0 trident.
You are engulfed in flames!
Casting: Stone Arrow (safe; 1% risk of failure)
Confirm with . or Enter, or press ? or * to list all spells.
Aiming: Stone Arrow (safe; 1% risk of failure)
Press: ? - help, Shift-Dir - straight line, f - salamander
Aim: a salamander, wielding a +0 trident (black smoke, 85% to hit)
The stone arrow hits the salamander!
The salamander is moderately wounded.
The salamander hits you with a +0 trident!
You are engulfed in flames!
Okay, then.
Aiming: Mindburst
Press: ? - help, Shift-Dir - straight line, f/p - salamander
Aim: a salamander, wielding a +0 trident (lightly wounded, chance to affect: 71%)
The salamander struggles to resist.
The salamander hits you with a +0 trident!
You are engulfed in flames!
* * * LOW HITPOINT WARNING * * *
Unknown command.
Unknown command.
Unknown command.
Unknown command.
Okay, then.
Okay, then. [a] - 336 gold - resistance and might [b] - 399 gold - curing, magic, might and brilliance [c] - 378 gold - haste and brilliance Purchase which effect?
You no longer have enough gold to fund merchants seeking to open stores in the dungeon.
You feel protected.
You feel very mighty all of a sudden.
The salamander hits you with a +0 trident!
* * * LOW HITPOINT WARNING * * *
You are engulfed in flames!
You resist.
You die...
Your body crumbles into a pile of gold.

#
#.....#..###.....#
##..............##
#......#.##......#
#....##..##P.....#
.........##.....P##
.......P.###......#
.≈≈≈§≈...P##....###
#≈≈≈.....#....#
###≈.h........#
#≈NP..##.....#
#≈≈.#..#.....##
##≈.#.#......#
#§§.#........#
##§.##....#### §§§
...## §... ...#


You could see a salamander.

Vanquished Creatures
  A death yak (Lair:1)
  The ghost of gosagan the Arsonist, a novice SpBr of Vehumet (Lair:1)
  Pikel (D:8)
  An ugly thing (D:8)
  A manticore (D:7)
  A black mamba (Lair:2)
  A gargoyle (D:10)
  3 cane toads
  An unseen horror (D:10)
  A komodo dragon (Lair:1)
  A polar bear (D:10)
  2 trolls
  A hornet (D:7)
  5 blink frogs (Lair:1)
  28 yaks
  3 basilisks
  4 steam dragons
  2 acid dragons
  5 water moccasins
  A sky beast (D:6)
  A black bear (D:6)
  5 orc warriors
  8 centaurs
  An ogre (D:4)
  2 elephant zombies (D:7)
  10 wolves
  An elf zombie (D:7)
  2 kobold brigands
  9 bullfrogs
  3 wights (D:9)
  5 scorpions
  4 killer bees (D:10)
  A bombardier beetle (D:5)
  4 howler monkeys
  A quasit (D:6)
  11 hounds
  3 sleepcaps
  2 iguanas
  6 orc wizards
  2 human zombies (D:7)
  Natasha (thrice) (D:2)
  3 scorpion zombies (D:7)
  An ogre zombie (D:7)
  4 hound zombies (D:7)
  Robin (D:2)
  A howler monkey zombie (D:7)
  10 adders
  A shadow imp (D:5)
  4 white imps
  An adder zombie (D:7)
  2 ribbon worms
  19 orcs
  8 endoplasms
  A giant cockroach (D:1)
  15 goblins
  4 hobgoblins
  18 kobolds
  2 quokkas (D:3)
  9 ball pythons
  8 bats
  5 frilled lizards
  A goblin zombie (D:6)
  3 hobgoblin zombies (D:6)
  3 kobold skeletons (D:6)
  A kobold zombie (D:6)
  An orc skeleton (D:6)
  3 orc zombies (D:6)
  3 rats (D:3)
280 creatures vanquished.

Notes
Turn   | Place    | Note
-------+----------+-------------------------------------------
     0 | D:1      | zenocrate the Octopode Earth Elementalist began the quest
                  | for the Orb.
     0 | D:1      | Reached XP level 1. HP: 11/11 MP: 3/3
   142 | D:1      | Reached XP level 2. HP: 18/18 MP: 5/5
   269 | D:1      | Found Anga's General Store.
   646 | D:1      | Reached skill level 1 in Fighting
   683 | D:2      | Reached XP level 3. HP: 21/23 MP: 3/6
   731 | D:2      | Noticed Natasha
   737 | D:2      | Killed Natasha
   827 | D:2      | Noticed Robin
   846 | D:2      | Reached skill level 1 in Unarmed Combat
   848 | D:2      | Reached XP level 4. HP: 25/28 MP: 5/7
   862 | D:2      | Killed Robin
  1002 | D:2      | Noticed Natasha
  1010 | D:2      | Killed Natasha
  1014 | D:2      | Reached XP level 5. HP: 12/33 MP: 6/9
  1062 | D:2      | Noticed Natasha
  1069 | D:2      | HP: 1/33 [Natasha (6)]
  1070 | D:2      | Killed Natasha
  1213 | D:2      | You fall into a shaft and drop 2 floors!
  1590 | D:4      | Reached XP level 6. HP: 39/39 MP: 10/10
  1594 | D:4      | Learned a level 3 spell: Stone Arrow
  1598 | D:4      | Learned a level 3 spell: Passwall
  1606 | D:4      | Noticed a wyvern
  1606 | D:4      | Noticed hattop's ghost (amateur DrSh)
  1655 | D:4      | Reached skill level 2 in Fighting
  1981 | D:3      | Found a white marble altar of Elyvilon.
  2698 | D:4      | Found a runed translucent gate.
  2698 | D:4      | Found a runed translucent gate.
  2704 | D:4      | Found a runed translucent gate.
  3072 | D:5      | Entered Level 5 of the Dungeon
  3129 | D:5      | Noticed a steam dragon
  3132 | D:5      | Found the +5 robe of Misfortune {Harm *Corrode *Slow EV+5}
  3139 | D:5      | Killed a steam dragon
  3140 | D:5      | Reached XP level 7. HP: 15/45 MP: 0/12
  3193 | D:5      | Reached skill level 3 in Fighting
  3392 | D:5      | Reached skill level 1 in Shapeshifting
  3916 | D:5      | Reached skill level 5 in Stealth
  3916 | D:5      | Reached XP level 8. HP: 52/52 MP: 13/13
  4109 | D:5      | Found a shimmering blue altar of Sif Muna.
  4411 | D:6      | Found a burning altar of Makhleb.
  4413 | D:6      | Found a snail-covered altar of Cheibriados.
  4417 | D:6      | Found a staircase to the Ecumenical Temple.
  4422 | D:6      | Reached skill level 1 in Evocations
  4707 | D:6      | Found a glowing golden altar of the Shining One.
  5079 | D:6      | Reached skill level 4 in Fighting
  5108 | Temple   | Entered the Ecumenical Temple
  5127 | Temple   | Became a worshipper of Gozag Ym Sagoz the Greedy
  5241 | D:1      | Bought a potion of berserk rage for 55 gold pieces
  5241 | D:1      | Bought a scroll of poison for 44 gold pieces
  5241 | D:1      | Bought a scroll of fog for 44 gold pieces
  5241 | D:1      | Bought a scroll of identify for 22 gold pieces
  5591 | D:6      | Reached XP level 9. HP: 27/58 MP: 9/15
  6174 | D:6      | Learned a level 2 spell: Blink
  6261 | D:7      | Noticed a hornet
  6268 | D:7      | Killed a hornet
  6269 | D:7      | Reached skill level 5 in Earth Magic
  6402 | D:7      | Found a basalt altar of Yredelemnul.
  6714 | D:7      | Noticed a manticore
  6855 | D:7      | Killed a manticore
  7192 | D:6      | Reached skill level 5 in Fighting
  7498 | D:7      | Reached XP level 10. HP: 61/66 MP: 2/17
  7503 | D:7      | Reached skill level 5 in Dodging
  7903 | D:7      | Identified a scroll of acquirement
  7904 | D:7      | Acquired the ring "Jegit" {rC+ Str+6}
  8058 | D:8      | Noticed Pikel
  8062 | D:8      | Reached skill level 5 in Spellcasting
  8070 | D:8      | Killed Pikel
  8572 | D:8      | Found an ornate altar of the Wu Jian Council.
  8575 | D:8      | Reached skill level 5 in Unarmed Combat
  8821 | D:8      | Noticed a purple ugly thing
  8831 | D:8      | Killed a purple ugly thing
  8832 | D:8      | Reached skill level 6 in Fighting
  8832 | D:8      | Reached skill level 5 in Conjurations
  9532 | D:9      | Reached XP level 11. HP: 29/73 MP: 1/19
  9873 | D:9      | Found a hazy altar of Hepliaklqana.
  9873 | D:9      | Found an iron altar of Okawaru.
  9873 | D:9      | Found a stormy altar of Qazlal.
 10201 | D:9      | Learned a level 4 spell: Passage of Golubria
 10205 | D:9      | Learned a level 3 spell: Tukima's Dance
 10211 | D:9      | Learned a level 5 spell: Yara's Violent Unravelling
 10559 | D:10     | Entered Level 10 of the Dungeon
 10611 | D:9      | Reached skill level 5 in Evocations
 11260 | D:10     | Found a staircase to the Lair.
 11407 | D:10     | Noticed an orange crystal statue
 11638 | D:10     | Reached skill level 7 in Fighting
 12153 | D:10     | Found a sparkling altar of Nemelex Xobeh.
 12337 | D:10     | Reached skill level 5 in Shapeshifting
 12674 | Lair:1   | Entered Level 1 of the Lair of Beasts
 12676 | Lair:1   | Upgraded the game from 0.32-a0-779-g362cfcae2a to
                  | 0.32-a0-791-gfc315c9ecd
 13469 | Lair:1   | Gained mutation: You are partially covered in iridescent
                  | scales. (AC +2) [potion of mutation]
 13469 | Lair:1   | Gained mutation: You are weak. (Str -2) [potion of
                  | mutation]
 13469 | Lair:1   | Gained mutation: Your flesh is cold resistant. (rC+)
                  | [potion of mutation]
 14108 | Lair:1   | Reached XP level 12. HP: 79/82 MP: 21/21
 14163 | Lair:1   | Found a runed translucent gate.
 14165 | Lair:1   | Found a runed translucent gate.
 14165 | Lair:1   | Found a runed translucent gate.
 14165 | Lair:1   | Noticed gosagan's ghost (novice SpBr)
 14225 | Lair:1   | Reached skill level 8 in Fighting
 14307 | Lair:1   | Reached skill level 1 in Hexes
 14791 | Lair:1   | Killed gosagan's ghost
 14932 | Lair:2   | Noticed a death yak
 14974 | Lair:1   | Killed a death yak
 15205 | Lair:2   | Slain by a salamander

Illustrated notes

Levels and vault maps discovered:
D:1:      lightli_arrival_chessboard, layout_loops_cross, serial_shops,
          nicolae_diamond_shop
D:2:      layout_rooms, shapermc_ecumenical_altar_mp_vishouse,
          serial_bayou_ford_a, uniq_robin, uniq_natasha, uniq_crazy_yiuf_cottage
D:3:      layout_loops_cross, mainiacjoe_overflow_cross_hatched,
          minmay_fractal_squares_gapless_5
D:4:      layout_basic, gammafunk_ghost_split
D:5:      layout_basic, lemuel_blue_sif_altar
D:6:      layout_cave_pods, nicolae_tso_besieged_by_evil,
          chequers_temple_overflow_statue_of_worship,
          minmay_temple_entry_purple_smoke, hangedman_abyss_or_decor_stagger
D:7:      layout_gridville, minmay_misc_feat_x, roadster_capsule_ark_zombie
D:8:      wad_cavern_with_rooms, layout_basic, nicolae_wu_jian_wuxing_cycle,
          serial_park_tiny_1, uniq_pikel
D:9:      layout_loops_corners, gammafunk_temple_overflow_claw
D:10:     layout_rooms, nemelex_diamond_rough_becter, erik_lair_orcish_takeover,
          minivault_15
Temple:   minmay_temple_bridge_abc
Lair:1:   layout_roguey, ebering_ghost_rock_garden, grunt_megastairs_3
Lair:2:   beargit_carnivore_pack, layout_gridlike, spider_nest_entry_funnel_web,
          gammafunk_ghost_necromancy, columned_hall_lemuel, st_stairs_11,
          dreamdust_deal_with_the_devil, nzn_sisyphean_effort

Skill      XL: |  1  2  3  4  5  6  7  8  9 10 11 12 |
---------------+-------------------------------------+-----
Stealth        | 3 4 5 6 |  6.0
Fighting       | 1 2 3 4 5 6 7 8 |  8.6
Unarmed Combat | 1 2 3 4 5 6 7 |  7.0
Spellcasting   | 3 4 5 6 |  6.7
Conjurations   | 2 3 4 5 6 |  6.4
Dodging        | 3 4 6 7 |  7.4
Earth Magic    | 4 6 7 |  7.5
Shapeshifting  | 1 2 3 4 5 |  5.7
Evocations     | 2 3 4 5 6 |  6.0
Hexes          | 2 |  2.0

Action                     |  1- 3 |  4- 6 |  7- 9 | 10-12 || total
---------------------------+-------+-------+-------+-------++-------
  Melee: Dagger            |    36 |    84 |    28 |       ||   148
         Constrict         |    11 |    28 |    52 |    40 ||   131
         Tentacles         |     7 |    21 |    56 |    66 ||   150
         Unarmed           |     1 |       |   136 |   219 ||   356
         Punch             |       |       |     8 |    17 ||    25
   Cast: Sandblast         |     9 |    11 |     1 |       ||    21
         Stone Arrow       |       |     2 |    51 |   143 ||   196
 Invoke: Potion Petition   |       |       |       |     2 ||     2
  Evoke: Wand              |       |       |     9 |    20 ||    29
    Use: Scroll            |       |     8 |     3 |    12 ||    23
         Potion            |       |       |     2 |     7 ||     9
   Stab: Sleeping          |     8 |    10 |     8 |     7 ||    33
         Distracted        |       |       |       |     3 ||     3
         Invisible         |       |       |       |     1 ||     1
 Armour: Skin              |    16 |    28 |   109 |   163 ||   316
  Dodge: Dodged            |    18 |    37 |   130 |   206 ||   391
   Form: Beast             |       |     1 |       |       ||     1

Table legend: (Time is in decaauts)
 A = Elapsed time spent in this place.
 B = Non-inter-level travel time spent in this place.
 C = Inter-level travel time spent in this place.
 D = Time resting spent in this place.
 E = Time spent auto-exploring this place.
 F = Levels seen in this place.
 G = Mean time per level.
                   A        B        C        D        E       F      G
               +--------+--------+--------+--------+--------+-----+--------+
         Total |  15180 |  14551 |    629 |    210 |  12295 |  13 | 1167.7 |
       Dungeon |  13222 |  12754 |    468 |    210 |  10806 |  10 | 1322.2 |
        Temple |     38 |      1 |     37 |      0 |      0 |   1 |   38.0 |
          Lair |   1919 |   1797 |    122 |      0 |   1488 |   2 |  959.5 |
               +--------+--------+--------+--------+--------+-----+--------+

Top non-repeatable levels by time:
     D:6: 2119 daAuts
    D:10: 2118 daAuts
     D:9: 1895 daAuts
  Lair:1: 1755 daAuts
     D:7: 1359 daAuts
     D:5: 1261 daAuts
     D:8: 1238 daAuts
     D:4: 1177 daAuts
     D:3: 792 daAuts
     D:1: 699 daAuts
     D:2: 560 daAuts
  Lair:2: 164 daAuts
  Temple: 38 daAuts
